cohdb
Replays
Latest Replays
All Replays
Popular Replays
Top Player Replays
Match Explorer
How It Works
Community
CoH3 Stats
Reddit
Sign in to upload your games and track your stats! →
Sign in with Steam
Match 38260110
Unlisted
Match 38260110
Overview
Messages
Build Orders
End
Panzergrenadier Squad
Panzergrenadier Squad
Panzergrenadier Squad
Construct Light Support Kompanie
Fire Support Elements
Pak 38 Anti-tank Gun Team
le.IG 18 Mechanized Group
2.5-tonne Medical Truck
Selects Italian Infantry
Selects Guastatori Squad
Selects L6/40 Light Tank Combat Group
Guastatori Squad
Construct Panzerarmee Kommand
Flak 36 Anti-tank Gun Team
Selects Defensive Operations
Selects Prepared Positions
Armored Reserves
Panzer IV Assault Group
Tungsten Core Ammunition
Selects Obice 305mm Barrage
Obice 305mm Barrage
Tiger Heavy Tank
Assault Grenadier Squad
Obice 305mm Barrage
Panzer III L Medium Tank
Panzer IV Assault Group
Obice 305mm Barrage
Panzer III L Medium Tank
Obice 305mm Barrage
Heresy
N4gash
SneaKerz
gb_gbg
0
0
Comments
sign in to comment!
No comments posted yet!